 Dungeon Crawl Stone Soup version 0.24.0-123-gd5b16e6ec5 (webtiles) character file.

Game seed: 16752099634076926819, levelgen mode: deterministic

154 Chiseanne the Covert (level 5, -2/25 HPs)
             Began as a Spriggan Assassin on Jan 18, 2020.
             Slain by a hound (4 damage)
             ... while paralysed by Grinder
             ... on level 4 of the Dungeon.
             The game lasted 00:04:45 (2965 turns).

Chiseanne the Covert (Spriggan Assassin)            Turns: 2965, Time: 00:04:46

Health: -2/25      AC:  4    Str: 10    XL:     5   Next: 13%
Magic:  6/6        EV:  4    Int: 13    God:
Gold:   92         SH:  0    Dex: 18    Spells: 4/4 levels left

rFire    . . .     SeeInvis +   a - +0 short sword (speed)
rCold    . . .     Gourm    .   (shield restricted)
rNeg     . . .     Faith    .   b - +0 robe
rPois    .         Spirit   .   (helmet restricted)
rElec    .         Reflect  .   c - +1 cloak
rCorr    .         Harm     .   (gloves unavailable)
MR       .....                  (boots unavailable)
Stlth    ++++......             (no amulet)
HPRegen  0.08/turn              w - +3 ring of strength
MPRegen  0.10/turn              (no ring)

@: paralysed, very quick
A: very small, unfitting armour, see invisible, herbivore, speed 3, slow
metabolism 2
a: no special abilities


You were on level 4 of the Dungeon.
You were not hungry.

You visited 1 branch of the dungeon, and saw 4 of its levels.

You collected 92 gold pieces.

Inventory:

Hand Weapons
 a - a +0 short sword of speed (weapon)
Missiles
 d - 17 poisoned darts (quivered)
 e - 2 curare-tipped darts
 h - 111 stones
 i - 20 sling bullets
 m - 44 arrows
 o - 32 bolts
Armour
 b - a +0 robe (worn)
 c - a +1 cloak (worn)
Jewellery
 w - a +3 ring of strength (left hand)
Scrolls
 l - 3 scrolls of amnesia
 v - a scroll of identify
Potions
 g - 2 potions of mutation
 j - 2 potions of curing {unknown}
 k - a potion of cancellation {unknown}
 n - 2 potions of heal wounds {unknown}
 p - a potion of agility {unknown}
 q - 2 potions of degeneration {unknown}
 r - a potion of berserk rage {unknown}
 s - 2 potions of brilliance {unknown}
 t - 2 potions of magic {unknown}
 u - a potion of invisibility {unknown}
Comestibles
 f - 5 rations


   Skills:
 - Level 1.5 Fighting
 + Level 3.4 Short Blades
 - Level 2.0 Throwing
 + Level 3.7 Dodging
 * Level 8.2 Stealth


You had 4 spell levels left.
You didn't know any spells.
Your spell library was empty.

Dungeon Overview and Level Annotations

Branches:
Dungeon (4/15)
 Temple: D:4-7

Altars:
Ashenzari
Fedhas
Nemelex Xobeh
Vehumet

Annotations:
D:4 Grinder


Innate Abilities, Weirdness & Mutations

You are very small and have problems with some larger weapons.
You are too small for most types of armour.
You have supernaturally acute eyesight. (SInv)
You are a herbivore.
You cover ground extremely quickly.
You need to consume almost no food.


Message History

You hit Grinder.
Grinder is moderately wounded.
Grinder closely misses you.
You barely miss Grinder.
Grinder is moderately wounded.
The hound closely misses you. Grinder hits you!
You writhe in agony.
You hit Grinder.
Grinder is moderately wounded.
The hound closely misses you.
You hit Grinder but do no damage.
Grinder is moderately wounded.
The hound closely misses you. Grinder gestures at you.
You suddenly lose the ability to move!
The hound barely misses you. Grinder hits you.
* * * LOW HITPOINT WARNING * * *
You writhe in agony.
* * * LOW HITPOINT WARNING * * *
The hound bites you.
You die...

...........#
#.........#
#.........#
#.........#
....#.....### .
#..(....# #.#.5.#s#
...#...#h#
#####...#@# ###
........#5####### ..#
##+#####.#.#........
#.#
#............#######
..# #........#>..#
.## #........#.#.#
.####........#.#...
.............#.#..#)#
#####........#.#..# #


You could see Grinder, a hound and a giant cockroach.

Vanquished Creatures
  A scorpion (D:4)
  A hound skeleton (D:4)
  4 adders
  A gnoll (D:1)
  A worm (D:3)
  2 dart slugs (D:2)
  An orc (D:3)
  A ball python (D:3)
  4 bats
  4 giant cockroaches
  2 goblins (D:3)
  5 hobgoblins
  2 frilled lizards (D:3)
  5 kobolds
  9 rats
43 creatures vanquished.

Notes
Turn   | Place    | Note
-------+----------+-------------------------------------------
     0 | D:1      | Chiseanne the Spriggan Assassin began the quest for the
                  | Orb.
     0 | D:1      | Reached XP level 1. HP: 10/10 MP: 2/2
   296 | D:1      | Reached skill level 6 in Stealth
   570 | D:1      | Reached XP level 2. HP: 14/14 MP: 3/3
  1268 | D:2      | Reached XP level 3. HP: 16/18 MP: 4/4
  2122 | D:3      | Reached skill level 7 in Stealth
  2417 | D:3      | Found a shattered altar of Ashenzari.
  2481 | D:3      | Found a faded altar of an unknown god.
  2562 | D:3      | Reached XP level 4. HP: 22/22 MP: 5/5
  2790 | D:3      | Found a radiant altar of Vehumet.
  2790 | D:3      | Found a blossoming altar of Fedhas.
  2791 | D:3      | Found a sparkling altar of Nemelex Xobeh.
  2874 | D:4      | Reached skill level 8 in Stealth
  2874 | D:4      | Reached XP level 5. HP: 25/25 MP: 6/6
  2922 | D:4      | Noticed Grinder
  2964 | D:4      | Paralysed by Grinder for 5 turns
  2965 | D:4      | Slain by a hound

Levels and vault maps discovered:
D:1:      dpeg_arrival_circle_labyrinth_a, layout_basic
D:2:      layout_loops_corners, serial_aquarium, aquarium_bridge_square
          [aquarium_subvault_window, aquarium_subvault_bridge,
          aquarium_subvault_bridge, aquarium_subvault_window],
          aquarium_bridge_straight [aquarium_subvault_bridge,
          aquarium_subvault_window, aquarium_subvault_bridge,
          aquarium_subvault_window], aquarium_window_1, aquarium_window_1,
          aquarium_window_fake, aquarium_view_2b
D:3:      layout_rooms, chequers_temple_overflow_statue_of_worship,
          chequers_ecumenical_altar_simple
D:4:      layout_basic, kennysheep_mini_moat, lemuel_doored_altar, first_ration,
          uniq_grinder

Skill      XL: |  1  2  3  4 |
---------------+-------------+-----
Stealth        | 6 7 8 |  8.2
Dodging        | 2 3 |  3.7
Short Blades   | 3 |  3.4
Fighting       | |  1.5
Throwing       | |  2.0

Action                   |  1- 3 |  4- 6 || total
-------------------------+-------+-------++-------
Melee: Dagger            |    75 |       ||    75
       Short sword       |    62 |    40 ||   102
Throw: Dart              |       |     3 ||     3
  Use: Scroll            |     3 |     6 ||     9
 Stab: Sleeping          |    12 |     3 ||    15
Armor: Robe              |     5 |       ||     5
Dodge: Dodged            |    80 |    44 ||   124
